 Dungeon Crawl Stone Soup version 0.23.1 (webtiles) character file.

Game seed: 0

52 Fang the Skirmisher (level 3, -1/24 HPs)
             Began as a Gargoyle Berserker on Mar 14, 2019.
             Was a Believer of Trog.
             Slain by a phantom (4 damage)
             ... on level 2 of the Dungeon on Mar 15, 2019.
             The game lasted 00:02:00 (951 turns).

Fang the Skirmisher (Gargoyle Berserker)             Turns: 951, Time: 00:02:00

Health: -1/24      AC:  5    Str: 21    XL:     3   Next: 85%
Magic:  3/3        EV: 12    Int:  7    God:    Trog [**....]
Gold:   50         SH:  0    Dex: 11    Spells: 2/2 levels left

rFire    . . .     SeeInvis .   a - +0 hand axe
rCold    . . .     Gourm    .   (no shield)
rNeg     + . .     Faith    .   b - +0 animal skin
rPois    ∞         Spirit   .   (no helmet)
rElec    +         Reflect  .   (no cloak)
rCorr    .         Harm     .   (no gloves)
MR       .....                  (no boots)
Stlth    +.........             (no amulet)
HPRegen  0.08/turn              (no ring)
MPRegen  0.08/turn              f - +2 ring of dexterity

@: berserk cooldown, slowed, very slow
A: negative energy resistance 1, electricity resistance, unbreathing,
petrification resistance, rot immunity, AC +3
a: Berserk, Trog's Hand, Renounce Religion


You were on level 2 of the Dungeon.
You worshipped Trog.
Trog was pleased with you.
You were very hungry.

You visited 1 branch of the dungeon, and saw 3 of its levels.

You collected 50 gold pieces.

Inventory:

Hand Weapons
 a - a +0 hand axe (weapon)
Armour
 b - a +0 animal skin (worn)
Jewellery
 f - a +2 ring of dexterity (right hand)
Scrolls
 e - a scroll of identify {unknown}
 g - a scroll of fear {unknown}
 j - a scroll of enchant weapon {unknown}
Potions
 h - a potion of agility {unknown}
 i - 2 potions of lignification {unknown}
 l - a potion of degeneration {unknown}
Comestibles
 c - 6 rations
 d - 4 chunks of flesh


   Skills:
 + Level 3.8 Fighting
 + Level 3.1 Axes
 + Level 2.9 Armour
 + Level 2.1 Dodging


You had 2 spell levels left.
You didn't know any spells.
Your spell library was empty.

Dungeon Overview and Level Annotations

Branches:
Dungeon (3/15)

Altars:


Innate Abilities, Weirdness & Mutations

You are resistant to torment.
Your stone body is resilient. (AC +3)
You are immune to poison.
You resist negative energy. (rN+)
You are resistant to electric shocks. (rElec)
You can survive without breathing.
You are immune to petrification.
You are immune to rotting.


Message History

The phantom blinks!
You swing at nothing.
You swing at nothing.
You feel a strong urge to attack something.
You swing at nothing.
You swing at nothing.
You feel your anger nearly subside.
You are no longer berserk.
You are exhausted.
You feel yourself slow down.
You barely miss the phantom.
The phantom hits you but does no damage.
You closely miss the phantom.
The phantom blinks!
You swing at nothing.
The phantom blinks!
You swing at nothing.
You swing at nothing.
You swing at nothing.
The phantom blinks!
You swing at nothing.
The phantom hits you.
* * * LOW HITPOINT WARNING * * *
You hit the phantom but do no damage. The phantom hits you.
You die...

.....#. #.#....
.....#'##########.#.#.####
................#.#.#....#
............)...#.#.#..#.#
........................#.
###.................##.#.
#..>...........).###.#.
#................# #.#.
#+####.....@.......)..# #<#.
#.........W...........# #.#.
#...$..$..............###.#.
#.........####........'.....
#......÷..# #........######
#...###÷#.# #........#
#>..#$..#(..##........#
#...#.#.###.##........#
#.#........############


You could see a phantom.

Vanquished Creatures
  An adder (D:2)
  An ooze (D:1)
  2 worms
  A dart slug (D:1)
  An orc (D:2)
  A giant cockroach (D:2)
  4 goblins
  A hobgoblin (D:2)
  4 jackals (D:3)
  3 kobolds
  2 ball pythons (D:1)
  2 bats
  4 frilled lizards
  3 rats
30 creatures vanquished.

Notes
Turn   | Place    | Note
-------+----------+-------------------------------------------
     0 | D:1      | Fang the Gargoyle Berserker began the quest for the Orb.
     0 | D:1      | Reached XP level 1. HP: 14/14 MP: 1/1
   117 | D:1      | Reached XP level 2. HP: 13/19 MP: 2/2
   503 | D:2      | Reached XP level 3. HP: 17/23 MP: 3/3
   715 | D:2      | Noticed a phantom
   749 | D:3      | Reached ** piety under Trog
   951 | D:2      | Slain by a phantom

Skill      XL: |  1  2  3 |
---------------+----------+-----
Axes           | 3 |  3.1
Dodging        | 2 |  2.1
Fighting       | |  3.8
Armour         | |  2.9

Action                   || total
-------------------------++-------
Melee: Hand axe          ||    83
Invok: Berserk           ||     3
 Stab: Sleeping          ||     1
  Eat: Chunk             ||     2
Armor: Animal skin       ||    32
Dodge: Dodged            ||    60
